 Dungeon Crawl Stone Soup version 0.13.0-59-g13bd910 (webtiles) character file.

759 Chiseanne the Firebug (level 7, -4/59 HPs)
             Began as a Troll Fire Elementalist on Nov 21, 2013.
             Was a Believer of Vehumet.
             Slain by Chiseanne's ghost (7 damage)
             ... on Level 4 of the Dungeon.
             The game lasted 00:17:00 (3496 turns).

Chiseanne the Firebug (Troll Fire Elementalist)     Turns: 3496, Time: 00:17:01

HP  -4/59        AC  7     Str 22      XL: 7   Next: 23%
MP   8/8         EV  9     Int 13      God: Vehumet [**....]
Gold 132         SH  0     Dex 10      Spells:  4 memorised,  3 levels left

Res.Fire  : . . .   See Invis. : .   s - +0,+1 flail (holy)
Res.Cold  : . . .   Warding    : .   u - +0 robe
Life Prot.: + . .   Conserve   : .   (shield restricted)
Res.Poison: .       Res.Corr.  : .   e - +2 wizard hat
Res.Elec. : .       Clarity    : .   (no cloak)
Sust.Abil.: . .     Spirit.Shd : .   (gloves unavailable)
Res.Mut.  : .       Stasis     : .   (boots unavailable)
Res.Rott. : .       Flight     : .   (no amulet)
Gourmand  : +                        w - ring of positive energy
                                     p - ring of sustenance

@: mighty, mildly poisoned, slightly resistant to hostile enchantments,
unstealthy
A: unfitting armour, claws 3, fast metabolism 3, gourmand, regeneration 2,
saprovore 2, tough skin 2, AC +1
a: Renounce Religion


You were on level 4 of the Dungeon.
You worshipped Vehumet.
Vehumet was pleased with you.
You were completely stuffed.

You visited 1 branch of the dungeon, and saw 4 of its levels.

You collected 112 gold pieces.

Inventory:

Hand weapons
 a - a +1,+4 flail of crushing
 d - a -1,+1 orcish spear
 q - a +0 blowgun
 s - a +0,+1 flail of holy wrath (weapon)
Missiles
 f - 27 poisoned needles
 m - 4 javelins (quivered)
Armour
 e - a +2 wizard hat (worn)
 u - a +0 robe (worn)
Magical devices
 i - a wand of polymorph (0)
 v - a wand of confusion (1)
Comestibles
 c - 2 meat rations
 j - 4 bread rations
Scrolls
 g - 2 scrolls of enchant armour {unknown}
 h - 2 scrolls of enchant weapon I {unknown}
 l - 7 scrolls of identify
 n - a scroll of teleportation
 o - a scroll of noise {unknown}
Jewellery
 p - a ring of sustenance (left claw)
 w - a ring of positive energy (right claw)
Books
 b - a book of Flames

   Spells                             Type                      Level
   *Flame Tongue                      Conjuration/Fire             1
   *Throw Flame                       Conjuration/Fire             2
   *Conjure Flame                     Conjuration/Fire             3
   Inner Flame                        Hexes/Fire                   3
   Sticky Flame                       Conjuration/Fire             4
   Fireball                           Conjuration/Fire             5
 r - a book of Envenomations

   Spells                             Type                      Level
   Spider Form                        Transmutation/Poison         3
   Poison Weapon                      Charms/Poison                3
   Summon Scorpions                   Summoning/Poison             4
   Olgreb's Toxic Radiance            Poison                       4
   Poisonous Cloud                    Conjuration/Poison/Air       6


   Skills:
 - Level 0.1 Fighting
 * Level 3.3 Maces & Flails
 - Level 1.5 Dodging
 - Level 1.1 Stealth
 * Level 2.1 Spellcasting
 * Level 1.9 Conjurations
 * Level 4.5 Fire Magic


You had 3 spell levels left.
You knew the following spells:

 Your Spells              Type           Power        Failure   Level  Hunger
a - Flame Tongue          Conj/Fire      #....        10%         1    ##.....
b - Throw Flame           Conj/Fire      #.....       12%         2    ###....
c - Conjure Flame         Conj/Fire      #.......     21%         3    ####...
d - Magic Dart            Conj           #...         12%         1    ##.....


Dungeon Overview and Level Annotations

Branches:
Dungeon (4/27)
 Temple: D:4-7

Altars:
Fedhas
Vehumet

Annotations:
D:4 Chiseanne's ghost, average HEFi


Innate Abilities, Weirdness & Mutations

You are too large for most types of armour.
You have claws for hands.
Your metabolism is lightning-fast.
You like to eat raw meat.
You heal very quickly.
You can eat rotten meat.
You are covered in fur (AC +1).
You have very tough skin (AC +2).


Message History

Chiseanne's ghost is almost destroyed.
Chiseanne's ghost hits you!
* * * LOW HITPOINT WARNING * * *
You completely miss Chiseanne's ghost.
Chiseanne's ghost is almost destroyed.
* * * LOW HITPOINT WARNING * * *
You feel sick.
Chiseanne's ghost whispers, "The ORB doesn't exist."
Chiseanne's ghost hits you.
* * * LOW HITPOINT WARNING * * *
Chiseanne's ghost closely misses you.
You hit Chiseanne's ghost.
Chiseanne's ghost convulses.
Chiseanne's ghost is almost destroyed.
* * * LOW HITPOINT WARNING * * *
You feel sick.
Chiseanne's ghost hits you but does no damage.
You barely miss Chiseanne's ghost.
Chiseanne's ghost is almost destroyed.
Chiseanne's ghost hits you!
You die...

#. #. #. ########
#####. #>.....
....... ##.#..#
########## ..%..#
##.....#### #....#
#.....)[(.# #@#
####......##+# #p#
#.........#
#.###.#.......#...
#.............#...
#.###.##.######...
....##)#..# +...
#.#..#.....##.#
#...
#.#..####.....#
#..# # #...
#.#######...


You could see Chiseanne's ghost.

Vanquished Creatures
  An ice beast (D:4)
  The ghost of Chiseanne the Shield-Bearer, an average DEFi (D:3)
  A water moccasin (D:4)
  An orc priest (D:3)
  2 scorpions (D:4)
  A worker ant (D:4)
  An iguana (D:4)
  A hound skeleton (D:4)
  6 adders
  5 gnolls
  A giant mite (D:3)
  An inept feature mimic (D:3)
  3 worms
  4 giant geckos
  13 orcs
  3 giant cockroaches (D:1)
  5 goblins
  16 hobgoblins
  10 jackals
  6 kobolds
  3 quokkas
  A ball python (D:2)
  5 bats
  2 giant newts
  A kobold skeleton (D:4)
  9 rats
103 creatures vanquished.

Notes
Turn   | Place    | Note
--------------------------------------------------------------
     0 | D:1      | Chiseanne, the Troll Fire Elementalist, began the quest for the Orb.
     0 | D:1      | Reached XP level 1. HP: 16/16 MP: 3/3
   149 | D:1      | Reached XP level 2. HP: 24/24 MP: 3/3
   532 | D:1      | Reached XP level 3. HP: 27/31 MP: 4/4
   551 | D:1      | Learned a level 2 spell: Throw Flame
   569 | D:1      | Reached skill level 3 in Fire Magic
  1055 | D:2      | Found a radiant altar of Vehumet.
  1075 | D:2      | Became a worshipper of Vehumet
  1125 | D:2      | Reached XP level 4. HP: 30/39 MP: 2/5
  1404 | D:3      | Found a blossoming altar of Fedhas.
  1478 | D:3      | Reached skill level 1 in Conjurations
  1749 | D:3      | Reached XP level 5. HP: 35/45 MP: 5/5
  1778 | D:3      | Acquired Vehumet's first power
  1778 | D:3      | Offered knowledge of Sting by Vehumet.
  1791 | D:3      | Learned a level 3 spell: Conjure Flame
  2048 | D:3      | Noticed Chiseanne's ghost (average DEFi)
  2058 | D:3      | Killed Chiseanne's ghost
  2058 | D:3      | Reached skill level 1 in Maces & Flails
  2058 | D:3      | Reached skill level 4 in Fire Magic
  2104 | D:3      | Reached XP level 6. HP: 41/53 MP: 7/7
  2877 | D:4      | Noticed Edmund
  2882 | D:4      | Noticed Edmund
  2882 | D:4      | Edmund changed into Edmund the water moccasin
  2890 | D:4      | Killed Edmund the water moccasin
  3329 | D:4      | Reached XP level 7. HP: 26/59 MP: 2/8
  3408 | D:4      | Offered knowledge of Magic Dart by Vehumet.
  3417 | D:4      | Learned a level 1 spell: Magic Dart
  3472 | D:4      | Noticed Chiseanne's ghost (average HEFi)
  3495 | D:4      | HP: 2/59 [poisoned by an adder]
  3496 | D:4      | Slain by Chiseanne's ghost

Action                   |  1- 3 |  4- 6 |  7- 9 || total
-------------------------+-------+-------+-------++-------
Melee: Unarmed           |   118 |    17 |       ||   135
       Hand axe          |       |   107 |       ||   107
       Flail             |       |   206 |    33 ||   239
 Cast: Flame Tongue      |     4 |     6 |       ||    10
       Throw Flame       |       |     5 |       ||     5
Evoke: Wand              |       |    12 |       ||    12
  Use: Potion            |       |     8 |     1 ||     9
       Scroll            |       |     4 |       ||     4
